Map: Kairos Junction LE

Players

Reynor - Winner!

  • Race: Zerg Zerg
  • Spawn Location: 11:00

Snute

  • Race: Zerg Zerg
  • Spawn Location: 5:00

Event: 2019 WCS Spring

VOD

Have the link to the VOD?

Description

Time

  • Played on: May 17, 2019, 6:54 a.m.
  • Length: 8:59

All games in this series

Show
View Real Time Build Order
Export as new Build Order

Reynor Zerg - Winner!

Build Orders: Pool First 

Get SALT Encoding   

  12  0:17  Spawning Pool  
  11  0:23  Drone  
  11  0:27  Drone  
  13  0:32  Drone  
  14  0:40  Overlord  
  14  1:04  Zergling x4  
  14  1:06  Zergling x2  
  17  1:17  Zergling x2  
  18  1:19  Hatchery  
  17  1:27  Zergling x2  
  18  1:39  Queen, Zergling x2  
  21  1:49  Overlord  
  21  2:00  Drone  
  20  2:11  Drone  
  20  2:15  Queen  
  21  2:24  Zergling x2  
  22  2:30  Queen  
  22  2:32  Zergling x2  
  22  2:35  Zergling x2  
  24  2:42  Zergling x4  
  25  2:46  Zergling x4  
  27  2:56  Drone x3  
  30  3:05  Drone  
  30  3:13  Drone  
  30  3:14  Drone  
  30  3:17  Drone  
  33  3:24  Drone x2  
  35  3:27  Drone  
  35  3:32  Overlord  
  36  3:51  Drone x7  
  36  3:53  Extractor  
  36  3:55  Extractor  
  41  3:59  Overlord  
  41  4:02  Drone  
  42  4:09  Evolution Chamber  
  41  4:13  Roach Warren  
  40  4:17  Drone  
  40  4:18  Drone x2  
  40  4:21  Drone  
  44  4:26  Overlord  
  44  4:45  Lair, Drone x4  
  48  4:46  Drone x2  
  48  4:48  Drone  
  48  4:51  Drone  
  51  5:00  Zerg Missile Weapons Level 1  
  51  5:01  Extractor, Drone  
  51  5:03  Overlord  
  51  5:12  Evolution Chamber  
  51  5:14  Drone  
  51  5:19  Overlord  
  51  5:21  Drone  
  51  5:22  Drone x3  
  51  5:26  Roach x2  
  59  5:32  Overlord  
  59  5:38  Roach  
  59  5:39  Roach x2  
  65  5:45  Glial Reconstitution  
  65  5:50  Hatchery  
  65  5:53  Roach  
  66  6:04  Roach x4  
  75  6:12  Hatchery  
  75  6:13  Roach  
  76  6:19  Overlord  
  76  6:26  Overlord  
  76  6:34  Overlord  
  76  6:38  Roach x4  
  76  6:39  Overlord  
  84  6:45  Roach x3  
  84  6:46  Roach  
  92  6:48  Overlord  
  92  6:54  Roach x2  
  96  6:58  Roach  
  98  7:02  Roach  
  100  7:12  Roach x6  
  110  7:18  Roach x2  
  113  7:26  Roach  
  113  7:28  Roach x2  
  118  7:34  Roach x3  
  118  7:36  Roach  
  113  7:40  Roach  
  113  7:42  Roach  
  113  7:43  Drone x3  
  105  7:47  Roach  
  105  7:51  Roach  
  105  7:56  Roach  
  105  7:57  Roach  
  109  8:02  Roach x2  
  109  8:05  Overlord  
  113  8:06  Drone x3  
  113  8:12  Drone x2  
  106  8:16  Drone  
  106  8:18  Drone  
  108  8:21  Roach  
  108  8:23  Roach  
  112  8:29  Roach x2  
  116  8:34  Drone x2  
  116  8:35  Drone  
  127  8:59  Ravager  
Show
View Real Time Build Order
Export as new Build Order

Snute Zerg 

Build Orders: Pool First 

Get SALT Encoding   

  12  0:00  Drone  
  13  0:12  Extractor  
  12  0:23  Spawning Pool  
  12  0:28  Drone  
  12  0:33  Drone  
  13  0:38  Drone  
  14  0:49  Overlord  
  14  1:10  Zergling x4  
  17  1:11  Zergling x2  
  17  1:13  Metabolic Boost  
  17  1:21  Zergling x2  
  18  1:33  Zergling x2  
  19  1:45  Hatchery  
  18  1:47  Zergling x2  
  19  1:59  Queen  
  21  2:04  Zergling x2  
  19  2:15  Zergling x4  
  20  2:28  Zergling x2  
  21  2:40  Overlord  
  20  2:51  Drone  
  20  2:57  Queen  
  22  2:59  Drone x2  
  22  3:07  Queen  
  22  3:08  Drone  
  22  3:11  Drone x2  
  26  3:15  Drone  
  26  3:19  Zergling x2  
  28  3:25  Zergling x2  
  28  3:30  Zergling x2  
  28  3:33  Zergling x2  
  30  3:39  Drone x3  
  33  3:42  Overlord  
  33  3:47  Drone  
  34  3:51  Drone  
  35  3:59  Overlord  
  35  4:02  Drone  
  36  4:08  Drone  
  36  4:09  Drone x2  
  39  4:13  Drone x3  
  42  4:19  Drone  
  42  4:21  Overlord  
  43  4:29  Zergling x2  
  43  4:31  Evolution Chamber  
  43  4:38  Zergling x4  
  45  4:42  Baneling Nest  
  44  4:45  Drone  
  44  4:46  Drone x3  
  44  4:47  Drone x2  
  44  4:48  Drone  
  50  4:54  Drone  
  50  4:57  Roach Warren  
  51  5:00  Hatchery  
  51  5:04  Extractor, Drone  
  51  5:06  Drone  
  51  5:10  Zerg Missile Weapons Level 1  
  51  5:14  Extractor  
  51  5:17  Drone  
  51  5:18  Drone x3  
  51  5:20  Overlord  
  54  5:23  Overlord  
  54  5:26  Overlord  
  54  5:29  Overlord  
  54  5:37  Roach x2  
  54  5:40  Roach  
  60  5:44  Roach  
  60  5:49  Roach x3  
  68  5:55  Roach x2  
  68  5:56  Overlord  
  72  5:59  Overlord  
  72  6:07  Overlord  
  70  6:14  Roach  
  70  6:15  Roach x2  
  74  6:22  Roach x5  
  74  6:23  Roach  
  84  6:32  Roach x3  
  90  6:34  Roach  
  92  6:41  Roach x2  
  92  6:45  Roach  
  98  6:49  Roach  
  98  6:50  Roach  
  98  6:53  Overlord  
  102  6:55  Roach  
  102  6:58  Roach  
  102  6:59  Roach  
  108  7:03  Roach  
  108  7:06  Roach  
  112  7:17  Zergling x2  
  112  7:18  Zergling x12  
  118  7:23  Ravager  
  118  7:25  Zergling x2  
  118  7:26  Zergling x2  
  119  7:33  Roach  
  119  7:34  Roach x5  
  121  7:40  Roach x2  
  109  7:49  Roach  
  109  7:50  Roach x2  
  103  7:54  Drone x3  
  103  7:55  Drone x2  
  106  8:00  Roach x2  
  106  8:05  Drone x3  
  93  8:14  Drone x5  
  97  8:29  Extractor  
  97  8:31  Roach x4  
  104  8:35  Roach x2  
Tags
 
Add a new tag
Caveats
  • Supply blocks, unpowered buildings, or Contaminate may cause inaccurate times.
  • Supply counts are checked every 10 seconds.